 Dungeon Crawl Stone Soup version 0.25-a0-1079-g858b6a6ff6 (webtiles) character file.

Game seed: 10223932779308516611, levelgen mode: deterministic

4403 Gwenloh the Covert (level 10, -9/66 HPs)
             Began as an Octopode Transmuter on May 15, 2020.
             Was a Follower of Cheibriados.
             Mangled by a blink frog (11 damage)
             ... on level 1 of the Lair of Beasts on May 16, 2020.
             The game lasted 01:11:15 (14760 turns).

Gwenloh the Covert (Octopode Transmuter)           Turns: 14760, Time: 01:11:15

Health: -9/66      AC:  2    Str: 12    XL:     10   Next: 35%
Magic:  11/13      EV: 25    Int: 33    God:    Cheibriados [*.....]
Gold:   443        SH:  0    Dex: 19    Spells: 3/13 levels left

rFire    x . .     SeeInvis +     - Unarmed
rCold    + + .     Gourm    .   (shield currently unavailable)
rNeg     + . .     Faith    .   (helmet currently unavailable)
rPois    x         Spirit   .   (no amulet)
rElec    .         Reflect  .   s - +6 ring of intelligence
rCorr    .         Harm     .   B - +6 ring of intelligence
MR       .....                  C - ring of protection from cold
Stlth    +++++.....             A - ring of see invisible
HPRegen  0.21/turn              E - ring of ice
MPRegen  0.13/turn              G - ring of positive energy
                                (no ring)
                                (no ring)

@: spider-form, very slow
A: tiny, almost no armour, stealthy swim, (amphibious), 8 rings, (constrict 8)
a: End Transformation, Bend Time, Renounce Religion


You were on level 1 of the Lair of Beasts.
You worshipped Cheibriados.
Cheibriados was aware of your devotion.
You were near starving.
You were a venomous arachnid creature.
You visited 3 branches of the dungeon, and saw 11 of its levels.

You collected 443 gold pieces.

Inventory:

Hand Weapons
 a - a +0 hunting sling
 b - the +6 dagger "Qerphajake" (melded) {drain, *Slow +Blink +Rage Str+2}
   (You found it on level 7 of the Dungeon)

   A truly terrible weapon, it drains the life of those it strikes.
   It affects your strength (+2).
   It lets you blink.
   It lets you go berserk.
   It may slow you when you take damage.
Missiles
 k - 49 poisoned darts (quivered)
 n - 227 arrows
 q - a throwing net
 r - 32 sling bullets
 u - 18 boomerangs
 y - 3 silver boomerangs
 H - 150 stones
Armour
 v - a +0 buckler
 I - a +1 hat (melded)
Jewellery
 s - a +6 ring of intelligence (left front leg)
 A - a ring of see invisible (on tentacle)
 B - a +6 ring of intelligence (right front leg)
 C - a ring of protection from cold (on tentacle)
 E - a ring of ice (on tentacle)
 G - a ring of positive energy (on tentacle)
Wands
 d - a wand of iceblast (6)
 f - a wand of clouds (4)
Scrolls
 g - 7 scrolls of remove curse
 h - a scroll of fog
 l - 4 scrolls of immolation
 o - a scroll of magic mapping
 p - 2 scrolls of teleportation
 x - a scroll of enchant weapon
 D - a scroll of torment
Potions
 e - 9 potions of curing
 i - 3 potions of magic
 j - a potion of resistance {unknown}
 m - 2 potions of heal wounds {unknown}
 t - 2 potions of stabbing {unknown}
 w - 3 potions of brilliance
 z - 3 potions of lignification {unknown}
 F - a potion of mutation {unknown}
Comestibles
 c - 18 rations


   Skills:
 + Level 5.3 Fighting
 + Level 5.7 Dodging
 + Level 9.9 Stealth
 + Level 6.1 Unarmed Combat
 - Level 2.0 Spellcasting
 + Level 7.3 Transmutations
 + Level 3.9 Ice Magic
 - Level 3.0 Poison Magic
 + Level 3.0 Invocations


You had 3 spell levels left.
You knew the following spells:

 Your Spells              Type           Power        Failure   Level  Hunger
a - Beastly Appendage     Tmut           ######       2%          1    None
b - Sticks to Snakes      Tmut           ######..     3%          2    ##.....
c - Spider Form           Tmut/Pois      #####.....   9%          3    ###....
d - Ice Form              Ice/Tmut       ######..     17%         4    ####...

Your spell library contained the following spells:

 Spells                   Type           Power        Failure   Level  Hunger
 Shock                    Conj/Air       #...         17%         1    None
 Swiftness                Chrm/Air       #.......     24%         2    ##.....
 Confusing Touch          Hex            #.......     38%         3    ###....
 Gell's Gravitas          Tloc           #.........   38%         3    ###....
 Static Discharge         Conj/Air       #.......     38%         3    ###....
 Blade Hands              Tmut           ######....   22%         5    ######.
 Petrify                  Tmut/Erth      ####....     32%         4    ####...
 Yara's Violent Unravell  Hex/Tmut       ####......   61%         5    ######.
 Airstrike                Air            #.........   75%         4    ####...
 Metabolic Englaciation   Hex/Ice        ###.......   82%         5    ######.
 Lightning Bolt           Conj/Air       #.........   96%         5    ######.


Dungeon Overview and Level Annotations

Branches:
Dungeon (9/15)             Temple (1/1) D:4            Lair (1/6) D:9
    Orc: D:9-12

Altars:
Ashenzari
Cheibriados
Dithmenos
Elyvilon
Fedhas
Gozag
Hepliaklqana
Kikubaaqudgha
Makhleb
Nemelex Xobeh
Okawaru
Qazlal
Ru
Sif Muna
Trog
Uskayaw
Vehumet
Wu Jian
Xom
Yredelemnul
Zin
The Shining One

Annotations:
D:3 2 transporters, Esekla's ghost, amateur DrAK
D:4 1 runed translucent door, HoaS's ghost, amateur GrGl


Innate Abilities, Weirdness & Mutations

You cannot wear most types of armour.
You are very stealthy in the water. (Stealth+)
((You are amphibious.))
You can wear up to eight rings at the same time.
((You can use your tentacles to constrict eight enemies at once.))
((Your skin changes colour to match your surroundings (Stealth+).))
((Your rubbery body absorbs attacks. (AC +1, EV +1)))


Message History

You bite the blink frog!
The blink frog is poisoned.
The blink frog is moderately wounded.
The blink frog completely misses you. The komodo dragon barely misses you.
The blink frog blinks!
The komodo dragon completely misses you.
The blink frog barely misses you.
You hit the komodo dragon but do no damage.
The komodo dragon is poisoned.
The blink frog completely misses you. The komodo dragon bites you!!
The blink frog hits you!
The blink frog blinks!
You hit the blink frog.
The blink frog is poisoned.
The blink frog is lightly wounded.
The blink frog misses you. The blink frog hits you!
* * * LOW HITPOINT WARNING * * *
The blink frog blinks!
The komodo dragon bites you.
* * * LOW HITPOINT WARNING * * *
The blink frog blinks!
The blink frog blinks!
The blink frog blinks! x2; The blink frog hits you!
You die...

## #.#....#####
##....##...#
#.#...##....##
##...........#
#............#
##............#
##.............#
#F.............#
##s.............#
##Fl#............###
#..P##..........##.#
##..###............##
##.§.# ###...........#
##§F### ##.#.........##
#...# #.............#
....F.............#...#.##
...#..........###########


You could see a komodo dragon (poisoned) and 4 blink frogs.

Vanquished Creatures
  A death yak (D:8)
  A hippogriff (D:8)
  Menkaure (D:6)
  An orc warrior (D:7)
  A sky beast (D:6)
  2 phantoms
  3 ice beasts
  A hornet zombie (D:8)
  A centaur (D:8)
  5 ogres
  A big kobold (D:8)
  5 bullfrogs
  A wyvern zombie (D:7)
  A gnoll sergeant (D:7)
  A wyvern skeleton (D:9)
  3 killer bees (D:7)
  5 scorpions
  5 wights
  A howler monkey (D:5)
  A crimson imp (D:5)
  2 centaur zombies (D:8)
  4 jellies
  A quasit (D:8)
  3 hounds
  4 orc wizards
  2 orc priests
  3 bullfrog skeletons
  An iguana (D:8)
  6 worker ants
  2 hound skeletons
  A howler monkey zombie (D:9)
  7 gnolls
  11 adders
  2 river rats
  2 shadow imps
  An ooze (D:1)
  A worm (D:3)
  A dart slug (D:3)
  4 leopard geckos
  27 orcs
  5 giant cockroaches
  5 goblins
  6 hobgoblins
  5 jackals
  5 quokkas
  7 bats
  3 frilled lizards
  5 kobolds
  A quokka skeleton (D:4)
  5 rats
173 creatures vanquished.

Vanquished Creatures (others)
  A quokka (D:9)
  A fungus (Lair:1)
2 creatures vanquished.

Grand Total: 175 creatures vanquished

Notes
Turn   | Place    | Note
-------+----------+-------------------------------------------
     0 | D:1      | Gwenloh the Octopode Transmuter began the quest for the
                  | Orb.
     0 | D:1      | Reached XP level 1. HP: 13/13 MP: 3/3
   314 | D:2      | Reached XP level 2. HP: 6/18 MP: 5/5
   318 | D:2      | Learned a level 2 spell: Sticks to Snakes
   770 | D:1      | Reached skill level 1 in Stealth
  1568 | D:2      | Reached XP level 3. HP: 23/23 MP: 4/6
  1580 | D:2      | Learned a level 3 spell: Spider Form
  2009 | D:2      | Reached skill level 2 in Stealth
  2294 | D:2      | Reached XP level 4. HP: 13/28 MP: 4/7
  2815 | D:3      | Found a shadowy altar of Dithmenos.
  3232 | D:3      | Reached skill level 1 in Poison Magic
  3397 | D:3      | Found a transporter.
  3398 | D:3      | Found a transporter.
  3398 | D:3      | Noticed Esekla's ghost (amateur DrAK)
  3599 | D:4      | Found the +9 scales of the Dragon King {rPois rF+ rC+ MR+}
  3622 | D:4      | Found a runed translucent door.
  3622 | D:4      | Noticed HoaS's ghost (amateur GrGl)
  3657 | D:4      | Reached skill level 3 in Stealth
  3657 | D:4      | Reached XP level 5. HP: 33/34 MP: 6/8
  4342 | D:4      | Found a staircase to the Ecumenical Temple.
  4352 | Temple   | Entered the Ecumenical Temple
  4779 | D:5      | Entered Level 5 of the Dungeon
  4929 | D:5      | Reached XP level 6. HP: 39/39 MP: 5/9
  5007 | D:5      | Reached skill level 4 in Stealth
  5077 | D:5      | Noticed an ice beast
  5256 | D:5      | Killed an ice beast
  5556 | D:5      | Reached XP level 7. HP: 37/45 MP: 8/10
  5749 | D:5      | Reached skill level 5 in Stealth
  6347 | D:6      | Learned a level 4 spell: Ice Form
  6882 | D:6      | You fall into a shaft and drop 1 floor!
  7336 | D:6      | Reached skill level 6 in Stealth
  7336 | D:6      | Reached XP level 8. HP: 52/52 MP: 7/11
  7435 | D:6      | Found a stormy altar of Qazlal.
  7451 | D:6      | Found a shattered altar of Ashenzari.
  7489 | D:6      | Found a hide-covered altar of Uskayaw.
  7605 | D:6      | Found an ancient bone altar of Kikubaaqudgha.
  7615 | D:6      | Found a glowing golden altar of the Shining One.
  7737 | D:6      | Found a stormy altar of Qazlal.
  7841 | D:6      | Reached skill level 5 in Transmutations
  7911 | D:6      | Noticed Menkaure
  8288 | D:6      | Reached skill level 7 in Stealth
  8655 | D:6      | Found a bloodstained altar of Trog.
  8891 | D:7      | Reached skill level 1 in Ice Magic
  9119 | D:6      | Killed Menkaure
  9656 | D:7      | Reached skill level 5 in Unarmed Combat
  9656 | D:7      | Reached XP level 9. HP: 55/58 MP: 7/12
  9792 | D:6      | Reached skill level 8 in Stealth
 10431 | D:7      | Got a polished dagger
 10432 | D:7      | Identified the +6 dagger "Qerphajake" {drain, *Slow +Blink
                  | +Rage Str+2} (You found it on level 7 of the Dungeon)
 10439 | D:7      | Identified the +5 scale mail of the Farmer {Dex+5}
 10581 | D:7      | Found an opulent altar of Gozag.
 10581 | D:7      | Found a snail-covered altar of Cheibriados.
 10583 | D:7      | Found a shimmering blue altar of Sif Muna.
 10585 | D:7      | Found a shimmering altar of Xom.
 10588 | D:7      | Found a hazy altar of Hepliaklqana.
 10592 | D:7      | Became a worshipper of Cheibriados the Contemplative
 10774 | D:7      | Found an opulent altar of Gozag.
 11534 | D:8      | Reached skill level 9 in Stealth
 11732 | D:8      | Reached skill level 5 in Dodging
 11732 | D:8      | Reached skill level 1 in Invocations
 12237 | D:8      | Reached * piety under Cheibriados
 12237 | D:8      | Reached XP level 10. HP: 63/65 MP: 11/13
 12464 | D:9      | Reached skill level 5 in Fighting
 12481 | D:9      | Found a sacrificial altar of Ru.
 12578 | D:9      | Found a white marble altar of Elyvilon.
 12592 | D:9      | Found a staircase to the Lair.
 12593 | D:9      | Noticed a death yak
 12595 | D:9      | Noticed a death yak
 12595 | D:9      | Noticed a death yak
 13801 | D:8      | Killed a death yak
 14561 | Lair:1   | Entered Level 1 of the Lair of Beasts
 14668 | Lair:1   | Noticed a six-headed hydra
 14758 | Lair:1   | HP: 2/66 [komodo dragon (6)]
 14760 | Lair:1   | Mangled by a blink frog

Illustrated notes

Levels and vault maps discovered:
D:1:      wheals_arrival_linesprint, layout_basic
D:2:      layout_loops_cross, hangedman_abyss_or_decor_lesser_grid,
          st_stairs_10, minmay_hedge_maze
D:3:      layout_loops_corners, lemuel_crystal_altar, gammafunk_ghost_arena,
          small_statue_alley_b, grunt_decor_cap
D:4:      layout_rooms, minmay_temple_entry_drinking_statues,
          ebering_ghost_sewer_d, solitary_fountain
D:5:      layout_basic, first_ration
D:6:      layout_loops_cross, minmay_overflow_temple_star_hex,
          lemuel_coloured_pillars_altar, nicolae_qazlal_eye_of_the_storm,
          uniq_menkaure
D:7:      layout_loops_cross, grunt_temple_overflow_open, grunt_ogre_cave,
          kennysheep_nondescript, chequers_serial_rivers_room_b,
          grunt_gozag_breadcrumbs
D:8:      layout_gridville
D:9:      layout_roguey, overflow_temple_1_default, dpeg_lair_monsters,
          elyvilon_altar_4
Temple:   compressed_dpeg_triangle_lava_temple
Lair:1:   layout_cave_pods, minmay_lair_oklob_chamber, grunt_megastairs_4

Skill      XL: |  1  2  3  4  5  6  7  8  9 10 |
---------------+-------------------------------+-----
Stealth        | 1 2 3 4 6 7 9 |  9.9
Transmutations | 3 4 6 7 |  7.3
Poison Magic   | 1 2 3 |  3.0
Fighting       | 2 3 4 5 |  5.3
Dodging        | 3 4 5 |  5.7
Unarmed Combat | 4 5 6 |  6.1
Ice Magic      | 1 3 |  3.9
Invocations    | 2 3 |  3.0
Spellcasting   | |  2.0

Action                   |  1- 3 |  4- 6 |  7- 9 | 10-12 || total
-------------------------+-------+-------+-------+-------++-------
Melee: Unarmed           |    79 |    58 |   193 |    40 ||   370
       Constrict         |    18 |    11 |    32 |     6 ||    67
       Tentacles         |    17 |     8 |    28 |     9 ||    62
       Kick              |    12 |     8 |    33 |    11 ||    64
       Punch             |     4 |     1 |     5 |     1 ||    11
       Dagger            |       |       |    76 |    39 ||   115
 Fire: Hunting sling     |    16 |    90 |   126 |    20 ||   252
Throw: Stone             |    70 |       |       |       ||    70
       Dart              |       |     4 |       |     3 ||     7
       Boomerang         |       |     4 |     2 |     6 ||    12
 Cast: Beastly Appendage |    16 |    13 |    26 |    11 ||    66
       Sticks to Snakes  |     1 |       |     4 |       ||     5
       Spider Form       |     1 |     2 |    13 |     4 ||    20
       Ice Form          |       |       |     6 |     2 ||     8
Invok: Bend Time         |       |       |     3 |     2 ||     5
  Use: Scroll            |       |       |    11 |     6 ||    17
 Stab: Sleeping          |     1 |       |     8 |     5 ||    14
       Distracted        |       |       |       |     1 ||     1
  Eat: Chunk             |     5 |     7 |    14 |     2 ||    28
       Ration            |       |     1 |     3 |       ||     4
Armor: Skin              |     9 |     2 |    20 |     4 ||    35
Dodge: Dodged            |    43 |    41 |   223 |    66 ||   373

Table legend:
 A = Non-vault XP
 B = Vault XP
 C = Vault XP percentage of total XP
 D = Non-vault monster count
 E = Vault monster count
 F = Vault count percentage of total count
                 A         B        C        D         E       F
            +---------+---------+-------+---------+---------+-------
      Total |    5115 |    1176 |  18.7 |     166 |       7 |   4.0
            +---------+---------+-------+---------+---------+-------
        D:1 |      26 |       0 |   0.0 |      12 |       0 |   0.0
        D:2 |      80 |       2 |   2.4 |      16 |       2 |  11.1
        D:3 |      51 |       0 |   0.0 |      17 |       0 |   0.0
        D:4 |      95 |       0 |   0.0 |      10 |       0 |   0.0
        D:5 |     481 |       0 |   0.0 |      13 |       0 |   0.0
        D:6 |    1206 |     165 |  12.0 |      28 |       1 |   3.4
        D:7 |    1180 |     125 |   9.6 |      30 |       1 |   3.2
        D:8 |    1296 |     871 |  40.2 |      19 |       2 |   9.5
        D:9 |     700 |      13 |   1.8 |      21 |       1 |   4.5
            +---------+---------+-------+---------+---------+-------
